 Dungeon Crawl Stone Soup version 0.30-a0-381-g6ea064c7b4 (webtiles) character file.

Game seed: 13913841231717009366

99079 pokeman the Sorcerer (level 15, -6/84 HPs)
             Began as a Deep Elf Hedge Wizard on Dec 1, 2022.
             Was the Champion of Vehumet.
             Mangled by a bog body (20 damage)
             ... in an ice cave.
             The game lasted 01:19:16 (26395 turns).

pokeman the Sorcerer (Deep Elf Hedge Wizard)       Turns: 26395, Time: 01:19:17

Health: -6/84      AC: 11    Str:  7    XL:     15   Next: 76%
Magic:  6/44       EV: 13    Int: 27    God:    Vehumet [******]
Gold:   1724       SH:  5    Dex: 14    Spells: 30/60 levels left

rFire   + + +      SeeInvis .    l - staff of fire
rCold   . . .      Faith    .    V - +0 buckler
rNeg    + . .      Spirit   .    k - +2 robe {rC+}
rPois   +          Reflect  .    n - +1 helmet
rElec   .          Harm     .    Z - +1 cloak {rPois}
rCorr   .          Rampage  .    b - +0 pair of gloves
Will    ++...                    c - +0 pair of boots
Stlth   ++........               f - amulet of Ujyar {RegenMP rF+ rN+ Will+ Slay+2}
HPRegen 0.34/turn                s - ring of flight
MPRegen 0.69/turn                g - ring of fire

@: marked, flying
A: no striking features
a: Renounce Religion


You were in an ice cave.
You worshipped Vehumet.
Vehumet was exalted by your worship.
You visited 5 branches of the dungeon, and saw 23 of its levels.
You also visited: Bailey and Ice Cave.

You collected 2556 gold pieces.
You spent 832 gold pieces at shops.

Inventory:

Hand Weapons
 L - the +6 hand axe "Cug Vuf" {venom, Contam rC+ Dex+3}
   (You found it on level 9 of the Dungeon)

   It poisons the flesh of those it strikes.
   Dex:       It affects your dexterity (+3).
   rC:        It protects you from cold.
   Contam:    It causes magical contamination when unequipped.
Missiles
 H - 4 curare-tipped darts
Armour
 b - a +0 pair of gloves (worn)
 c - a +0 pair of boots (worn)
 e - a +1 kite shield of cold resistance
 j - +0 ice dragon scales
 k - a +2 robe of cold resistance (worn)
 n - a +1 helmet (worn)
 J - +0 acid dragon scales
 O - a +2 leather armour of fire resistance
 V - a +0 buckler (worn)
 Z - a +1 cloak of poison resistance (worn)
Magical Staves
 l - a staff of fire (weapon)
Jewellery
 f - the amulet of Ujyar (around neck) {RegenMP rF+ rN+ Will+ Slay+2}
   (You acquired it on level 8 of the Dungeon)

   [amulet of magic regeneration]

   It increases your rate of magic regeneration.
   Slay:      It affects your accuracy & damage with ranged weapons and melee
   (+2).
   rF:        It protects you from fire.
   rN:        It protects you from negative energy.
   Will:      It increases your willpower.
 g - a ring of fire (right hand)
 s - a ring of flight (left hand)
Wands
 m - a wand of quicksilver (16)
Scrolls
 h - a scroll of enchant armour
 i - 8 scrolls of blinking
 w - 2 scrolls of magic mapping
 A - a scroll of fear
 P - 8 scrolls of teleportation
Potions
 a - 3 potions of haste
 d - 3 potions of magic
 o - 12 potions of curing
 p - a potion of mutation
 r - 3 potions of resistance
 u - 7 potions of heal wounds
 z - 4 potions of ambrosia
 C - a potion of cancellation
 G - 3 potions of lignification
Miscellaneous
 x - a lightning rod (4/4)
 R - a phantom mirror
 S - a tin of tremorstones (2/2)


   Skills:
 + Level 6.5 Fighting
 - Level 6.0 Armour
 - Level 4.0 Dodging
 - Level 3.0 Stealth
 - Level 6.0 Shields
 * Level 23.0 Spellcasting
 + Level 14.2 Conjurations
 + Level 9.1 Summonings
 - Level 10.0 Necromancy
 - Level 1.1 Translocations
 - Level 5.0 Fire Magic
 - Level 2.0 Ice Magic
 - Level 1.1 Air Magic
 - Level 1.0 Poison Magic
 - Level 1.0 Evocations


You had 30 spell levels left.
You knew the following spells:

 Your Spells              Type           Power      Damage    Failure   Level
a - Magic Dart            Conj           100%       1d8       0%          1
b - Mephitic Cloud        Conj/Pois/Air  57%        N/A       1%          3
c - Call Imp              Summ           69%        N/A       1%          2
d - Blink                 Tloc           74%        N/A       1%          2
e - Foxfire               Conj/Fire      100%       2x1d9     1%          1
f - Fireball              Conj/Fire      56%        3d22      1%          5
g - Haunt                 Necr/Summ      35%        N/A       24%         7
h - Flame Wave            Conj/Fire      100%       2d21      1%          4
i - Freezing Cloud        Conj/Ice/Air   29%        6-21      1%          5

Your spell library contained the following spells:

 Spells                   Type           Power      Damage    Failure   Level
 Conjure Ball Lightning   Conj/Air       32%        3x3d10    2%          6
 Freeze                   Ice            100%       1d10      1%          1
 Slow                     Hex            100%       N/A       1%          1
 Sting                    Tmut/Pois      100%       1d8       1%          1
 Cigotuvi's Dreadful Rot  Necr/Pois/Air  100%       N/A       1%          2
 Momentum Strike          Conj/Tloc      100%       3d10      1%          2
 Poisonous Vapours        Pois/Air       74%        N/A       1%          2
 Scorch                   Fire           100%       2d10      1%          2
 Sublimation of Blood     Necr           71%        N/A       1%          2
 Call Canine Familiar     Summ           69%        N/A       1%          3
 Frozen Ramparts          Ice            82%        1d13      1%          3
 Hailstorm                Conj/Ice       66%        3d14      1%          3
 Ozocubu's Armour         Ice            41%        N/A       1%          3
 Animate Dead             Necr           71%        N/A       1%          4
 Summon Ice Beast         Ice/Summ       57%        N/A       1%          4
 Summon Lightning Spire   Summ/Air       56%        N/A       1%          4
 Irradiate                Conj/Tmut      31%        3d22      1%          5
 Lesser Beckoning         Tloc           74%        N/A       2%          3
 Olgreb's Toxic Radiance  Pois           36%        N/A       2%          4
 Spellforged Servitor     Conj/Summ      38%        N/A       2%          7
 Portal Projectile        Hex/Tloc       68%        N/A       3%          3
 Death Channel            Necr           35%        N/A       3%          6
 Borgnjor's Vile Clutch   Necr/Erth      27%        N/A       4%          5
 Summon Forest            Summ/Tloc      28%        N/A       4%          5
 Summon Cactus Giant      Summ           34%        N/A       5%          6
 Summon Mana Viper        Hex/Summ       53%        N/A       6%          5
 Yara's Violent Unravell  Hex/Tmut       15%        3d8       11%         5
 Leda's Liquefaction      Hex/Erth       15%        N/A       14%         4
 Petrify                  Tmut/Erth      31%        N/A       14%         4
 Monstrous Menagerie      Summ           34%        N/A       28%         7
 Summon Hydra             Summ           34%        N/A       28%         7
 Eringya's Noxious Bog    Tmut/Pois      16%        N/A       41%         6
 Ozocubu's Refrigeration  Ice            20%        4d12      75%         7
 Infestation              Necr           35%        N/A       83%         8
 Enfeeble                 Hex            15%        N/A       100%        7
 Storm Form               Tmut/Air       17%        N/A       100%        7
 Maxwell's Capacitive Co  Air            18%        ∞         100%        8


Dungeon Overview and Level Annotations

Branches:
Dungeon (14/15)            Temple (1/1) D:5            Lair (5/5) D:8
  Swamp (1/4) Lair:2        Snake (0/4) Lair:3        Slime (0/5) Lair:4
    Orc (2/2) D:10            Elf (0/3) Orc:2        Bailey (visited)
  IceCv (1/1)
 Vaults: D:13-14

Altars:
Ashenzari
Cheibriados
Dithmenos
Elyvilon
Fedhas
Gozag
Hepliaklqana
Kikubaaqudgha
Makhleb
Nemelex Xobeh
Okawaru
Qazlal
Ru
Sif Muna
Trog
Uskayaw
Vehumet
Wu Jian
Xom
Yredelemnul
Zin
The Shining One
Jiyva

Shops:
D:1 [   D:2 *   D:4 [   D:5 :   D:9 !   D:11 :   Orc:1 ?   Orc:2 :(*?!

Annotations:
D:10 2 runed translucent doors, DeathPants's ghost, novice MiMo IceCv exclusion: obsidian statue


Message History

A bog body comes into view.
A bog body comes into view.
Casting: Flame Wave (safe; 1% risk of failure)
Confirm with . or Enter, or press ? or * to list all spells.
Aiming: Fireball (mildly dangerous; 1% risk of failure)
Press: ? - help, Shift-Dir - straight line, f - bog body
Aim: a bog body You feel a strong surge of power!
The fireball explodes!
The fireball engulfs the bog body!
The bog body resists.
The bog body is moderately damaged.
The fireball engulfs the bog body!!
The bog body resists.
The bog body is heavily damaged.
Unknown command.
Casting: Fireball (mildly dangerous; 1% risk of failure)
Confirm with . or Enter, or press ? or * to list all spells.
Casting: Flame Wave (safe; 1% risk of failure)
Press: ? - help, Dir - look around, f - activate You feel a strong surge of power!
A wave of flame ripples out!
The flame wave engulfs the bog body!
The bog body resists.
The bog body is heavily damaged. (Press . to intensify the flame waves.) Unknown command.
A wave of flame ripples out!
The flame wave engulfs the bog body.
The bog body resists.
The bog body is heavily damaged.
The flame wave engulfs the bog body!
The bog body resists.
The bog body is severely damaged.
The bog body touches you. The bog body freezes you! The bog body touches you!
The bog body freezes you!!
* * * LOW HITPOINT WARNING * * *
A wave of flame ripples out!
The flame wave engulfs the bog body.
The bog body resists.
The bog body is severely damaged.
The flame wave engulfs the bog body!
The bog body resists.
The bog body is almost destroyed.
The bog body touches you but does no damage.
The bog body touches you!
* * * LOW HITPOINT WARNING * * *
The bog body freezes you!!
You die...

##.## #..#
##..# #..#
######..##
##.##
##..###
##..#
#..##.##
#..##
#..#...#
##.##
#..#....
##..#
##...#..
#..##
##..#..
##@n#
#####8
##n## #.
#..# #.
##......#
#.
#....8.#
#8
##.....#
## ##....#
# #.... #
##..


You could see 2 bog bodies.

Vanquished Creatures
  A lich (IceCv)
  Mlioglotl (Swamp:1)
  Frances (D:13)
  Kirke (D:12)
  An orc warlord (Orc:1)
  Snorg (D:11)
  Josephine (Lair:3)
  Harold (D:11)
  5 hydras
  A catoblepas (D:8)
  2 centaur warriors (D:14)
  Erica (D:9)
  15 two-headed ogres
  5 ogre magi
  A dancing weapon (D:14)
  3 boulder beetles
  Urug (D:13)
  15 spriggans
  Lodul (D:13)
  3 skeletal warriors (D:13)
  A spriggan simulacrum (IceCv)
  6 bog bodies
  Pikel (D:9)
  An orc knight (Orc:1)
  A necromancer (IceCv)
  3 orc sorcerers (Orc:1)
  A deep elf pyromancer (D:8)
  Joseph (D:9)
  4 black mambas
  2 cyclopes
  Maurice (D:13)
  20 elephants
  A water nymph (shapeshifter) (D:13)
  3 gargoyles
  6 cane toads
  An unseen horror (D:12)
  2 anaconda simulacra (IceCv)
  3 kobold demonologists
  14 komodo dragons
  4 rime drakes
  18 freezing wraiths
  2 golden dragon simulacra (IceCv)
  A troll (shapeshifter) (D:14)
  6 trolls
  5 hornets
  8 polar bears (Lair:5)
  3 tyrant leeches (Swamp:1)
  17 slime creatures
  12 blink frogs
  Sigmund (D:3)
  3 dream sheep (Lair:5)
  A centaur simulacrum (D:14)
  5 hogs (D:12)
  2 dire elephant simulacra (IceCv)
  38 yaks
  6 wyverns
  3 basilisks
  7 wraiths
  4 minotaur simulacra (IceCv)
  8 vampire mosquitoes
  A swamp worm (Swamp:1)
  4 hydra simulacra (IceCv)
  3 acid dragons
  4 harpy simulacra (IceCv)
  16 water moccasins
  4 wargs
  An ice beast (D:6)
  3 alligator simulacra (IceCv)
  25 orc warriors
  4 black bears
  24 wolves
  4 boggarts (Lair:5)
  30 ogres
  4 centaurs
  3 lemures (D:9)
  A phantom (D:7)
  12 bullfrogs
  4 kobold brigands
  7 scorpions
  2 gnoll sergeants
  5 necrophages
  A deep troll simulacrum (IceCv)
  A wight (D:8)
  4 lindwurm simulacra (IceCv)
  2 jellies
  3 killer bees (D:9)
  5 howler monkeys
  2 electric eels
  4 hounds
  3 gnoll boudas
  17 orc priests
  18 orc wizards
  Natasha (D:4)
  8 iguanas
  Robin (D:2)
  3 adders
  26 gnolls
  9 river rats (D:5)
  A shadow imp (D:6)
  3 white imps
  3 ufetubi
  A worm (D:2)
  3 dart slugs
  69 orcs
  5 bats
  14 endoplasms
  7 giant cockroaches
  18 goblins
  10 hobgoblins
  10 quokkas
  7 ball pythons
  A frilled lizard (D:2)
  25 kobolds
  17 rats
  A bush (Lair:2)
751 creatures vanquished.

Vanquished Creatures (collateral kills)
  A scorpion (D:5)
  3 foxfires (D:8)
4 creatures vanquished.

Vanquished Creatures (others)
  A yak (D:11)
  527 foxfires
  62 fungi
  46 plants
636 creatures vanquished.

Grand Total: 1391 creatures vanquished

Notes
Turn   | Place    | Note
-------+----------+-------------------------------------------
     0 | D:1      | pokeman the Deep Elf Hedge Wizard began the quest for the
                  | Orb.
     0 | D:1      | Reached XP level 1. HP: 10/10 MP: 7/7
   444 | D:1      | Reached XP level 2. HP: 15/15 MP: 7/9
   795 | D:1      | Found Yniotafa's Armour Shoppe.
  1356 | D:2      | Reached skill level 5 in Spellcasting
  1471 | D:2      | Noticed Robin
  1483 | D:2      | Reached XP level 3. HP: 17/20 MP: 5/11
  1509 | D:1      | Learned a level 3 spell: Mephitic Cloud
  1512 | D:1      | Learned a level 2 spell: Call Imp
  1515 | D:1      | Learned a level 2 spell: Blink
  1605 | D:2      | HP: 1/20 [goblin/+0 dagger[Robin] (2)]
  1613 | D:2      | HP: 1/20 [goblin/+0 dagger[Robin] (1)]
  1960 | D:2      | Reached skill level 1 in Fighting
  2043 | D:2      | Reached skill level 1 in Armour
  2044 | D:2      | Killed Robin
  2310 | D:2      | Found Girphid's Assorted Antiques.
  2389 | D:2      | Reached XP level 4. HP: 25/25 MP: 9/13
  2984 | D:3      | Noticed Sigmund
  3721 | D:3      | Killed Sigmund
  3722 | D:3      | Reached skill level 6 in Spellcasting
  3722 | D:3      | Reached XP level 5. HP: 29/29 MP: 1/16
  3722 | D:3      | Reached XP level 6. HP: 34/34 MP: 1/17
  3951 | D:4      | Found Xiczoogu's Armour Shoppe.
  4052 | D:4      | Reached skill level 7 in Spellcasting
  4457 | D:4      | Found a blossoming altar of Fedhas.
  4457 | D:4      | Found a glowing silver altar of Zin.
  4457 | D:4      | Found a shimmering altar of Xom.
  4507 | D:4      | Noticed Natasha
  4514 | D:4      | Killed Natasha
  5177 | D:4      | Reached skill level 1 in Evocations
  5177 | D:4      | Reached XP level 7. HP: 30/38 MP: 12/20
  5401 | D:5      | Entered Level 5 of the Dungeon
  5442 | D:5      | Found a staircase to the Ecumenical Temple.
  5451 | Temple   | Entered the Ecumenical Temple
  5504 | Temple   | Became a worshipper of Vehumet
  5565 | D:5      | Reached skill level 1 in Fire Magic
  5601 | D:5      | Found a hide-covered altar of Uskayaw.
  5692 | D:5      | Found Loejeunu's Book Boutique.
  5715 | D:5      | Reached skill level 8 in Spellcasting
  5715 | D:5      | Reached skill level 1 in Poison Magic
  5936 | D:5      | Reached skill level 1 in Air Magic
  6601 | D:5      | Reached XP level 8. HP: 44/44 MP: 18/22
  6821 | D:5      | Reached skill level 9 in Spellcasting
  6828 | D:5      | Reached * piety under Vehumet
  6828 | D:5      | Offered knowledge of Sandblast by Vehumet.
  6838 | D:5      | Reached skill level 5 in Conjurations
  6924 | D:5      | Got Ipialoe's Grimoire of Assembled Poison
  7462 | D:6      | Reached skill level 10 in Spellcasting
  8185 | D:6      | Reached XP level 9. HP: 50/50 MP: 16/25
  8881 | D:7      | Reached skill level 11 in Spellcasting
  9074 | D:7      | Found a flagged portal.
  9096 | Bailey   | Entered a bailey
  9184 | Bailey   | Offered knowledge of Foxfire by Vehumet.
  9187 | Bailey   | Learned a level 1 spell: Foxfire
  9248 | Bailey   | Reached ** piety under Vehumet
  9461 | Bailey   | Reached skill level 5 in Fire Magic
  9558 | Bailey   | Learned a level 7 spell: Haunt
  9663 | D:7      | Paralysed by a hornet for 3 turns
  9665 | D:7      | Reached skill level 12 in Spellcasting
  9665 | D:7      | Reached skill level 1 in Necromancy
 10281 | D:8      | Offered knowledge of Frozen Ramparts by Vehumet.
 10759 | D:8      | Noticed a two-headed ogre
 10770 | D:8      | Killed a two-headed ogre
 10771 | D:8      | Reached XP level 10. HP: 56/56 MP: 19/28
 10817 | D:8      | Reached skill level 13 in Spellcasting
 10850 | D:8      | Reached *** piety under Vehumet
 11088 | D:8      | Noticed a cyclops
 11090 | D:8      | Upgraded the game from 0.30-a0-377-g5cb311bc9f to
                  | 0.30-a0-381-g6ea064c7b4
 11092 | D:8      | Noticed a catoblepas
 11161 | D:8      | Killed a cyclops
 11470 | D:8      | Noticed a deep elf pyromancer
 11484 | D:8      | Killed a deep elf pyromancer
 11582 | D:8      | Killed a catoblepas
 11583 | D:8      | Reached skill level 14 in Spellcasting
 11828 | D:8      | Offered knowledge of Flame Wave by Vehumet.
 11982 | D:8      | Reached skill level 5 in Armour
 11993 | D:8      | Learned a level 4 spell: Flame Wave
 12018 | D:8      | Reached XP level 11. HP: 60/60 MP: 24/31
 12028 | D:8      | Reached **** piety under Vehumet
 12109 | D:8      | Found a staircase to the Lair.
 12499 | D:8      | Identified a scroll of acquirement
 12505 | D:8      | Acquired the amulet of Ujyar {RegenMP rF+ rN+ Will+ Slay+2}
 12537 | D:9      | Noticed Erica
 12541 | D:9      | Offered knowledge of Stone Arrow by Vehumet.
 12544 | D:9      | Killed Erica
 12545 | D:9      | Reached skill level 5 in Necromancy
 12603 | D:9      | Noticed Pikel
 12610 | D:9      | Killed Pikel
 12680 | D:9      | Identified the +6 hand axe "Cug Vuf" {venom, Contam rC+
                  | Dex+3}
 12727 | D:9      | Noticed a two-headed ogre
 12732 | D:9      | Killed a two-headed ogre
 12733 | D:9      | Reached skill level 15 in Spellcasting
 12801 | D:9      | Noticed Joseph
 12817 | D:9      | Killed Joseph
 12928 | D:9      | Found an ancient bone altar of Kikubaaqudgha.
 13173 | D:9      | Found Lutusch's Distillery.
 13177 | D:9      | Bought a potion of curing for 48 gold pieces
 13177 | D:9      | Bought a potion of heal wounds for 80 gold pieces
 13177 | D:9      | Bought a potion of degeneration for 16 gold pieces
 13177 | D:9      | Bought a potion of curing for 48 gold pieces
 13204 | D:9      | Found a sacrificial altar of Ru.
 13279 | D:10     | Entered Level 10 of the Dungeon
 13404 | D:10     | Noticed a two-headed ogre
 13411 | D:10     | Found a staircase to the Orcish Mines.
 13423 | D:10     | Killed a two-headed ogre
 13898 | D:10     | Found a runed translucent door.
 13901 | D:10     | Noticed a wolf spider
 13902 | D:10     | Noticed a boulder beetle
 13904 | D:10     | Noticed a stone giant
 13906 | D:10     | Noticed a skeletal warrior
 13906 | D:10     | Noticed a lich
 13907 | D:10     | Noticed DeathPants's ghost (novice MiMo)
 13908 | D:10     | Noticed a necromancer
 13910 | D:10     | Found a runed translucent door.
 14152 | D:11     | Reached skill level 16 in Spellcasting
 14154 | D:11     | Reached ***** piety under Vehumet
 14154 | D:11     | Offered knowledge of Fireball by Vehumet.
 14165 | D:11     | Noticed Harold
 14189 | D:11     | Killed Harold
 14473 | D:11     | Found Lavid's Book Emporium.
 14482 | D:11     | Learned a level 5 spell: Fireball
 14564 | D:11     | Noticed a boulder beetle
 14567 | D:11     | Noticed a boulder beetle
 14569 | D:11     | Killed a boulder beetle
 14570 | D:11     | Reached skill level 5 in Fighting
 14570 | D:11     | Reached XP level 12. HP: 68/68 MP: 20/34
 14594 | D:11     | Killed a boulder beetle
 14717 | D:11     | Noticed Snorg
 14720 | D:11     | Killed Snorg
 14721 | D:11     | Reached skill level 10 in Conjurations
 14964 | D:12     | Reached skill level 5 in Summonings
 15073 | D:12     | Reached skill level 17 in Spellcasting
 15232 | D:12     | You are sucked into a shaft and drop 1 floor!
 15233 | D:13     | Noticed Urug
 15235 | D:13     | Killed Urug
 15245 | D:13     | Noticed Maurice
 15248 | D:13     | Killed Maurice
 15257 | D:13     | Noticed a two-headed ogre
 15260 | D:13     | Killed a two-headed ogre
 15780 | D:13     | Noticed Frances
 15785 | D:13     | Killed Frances
 15786 | D:13     | Reached skill level 1 in Shields
 15786 | D:13     | Reached skill level 18 in Spellcasting
 15804 | D:13     | Noticed Lodul
 15807 | D:13     | Killed Lodul
 15922 | D:12     | Reached XP level 13. HP: 74/74 MP: 27/37
 16086 | D:12     | Noticed Kirke
 16090 | D:12     | Killed Kirke
 16753 | D:9      | Bought 2 potions of curing for 96 gold pieces
 17054 | D:13     | Offered knowledge of Freezing Cloud by Vehumet.
 17061 | D:13     | Learned a level 5 spell: Freezing Cloud
 17535 | D:14     | Reached skill level 1 in Ice Magic
 17761 | D:14     | Reached skill level 19 in Spellcasting
 17773 | D:14     | Found a white marble altar of Elyvilon.
 18078 | Lair:1   | Entered Level 1 of the Lair of Beasts
 20009 | Lair:2   | Found a staircase to the Swamp.
 20155 | Lair:3   | Noticed Josephine
 20159 | Lair:3   | Killed Josephine
 20193 | Lair:3   | Reached skill level 20 in Spellcasting
 20397 | Lair:3   | Found a staircase to the Snake Pit.
 20447 | Lair:3   | Offered knowledge of Lee's Rapid Deconstruction by Vehumet.
 20451 | Lair:3   | Reached XP level 14. HP: 80/80 MP: 29/40
 21519 | Lair:4   | Found a viscous altar of Jiyva.
 21520 | Lair:4   | Found a staircase to the Slime Pits.
 22145 | Lair:5   | Entered Level 5 of the Lair of Beasts
 22282 | Lair:5   | Reached skill level 5 in Shields
 22553 | Lair:5   | Reached skill level 21 in Spellcasting
 24272 | Orc:1    | Entered Level 1 of the Orcish Mines
 24401 | Orc:1    | Noticed an orc warlord
 24407 | Orc:1    | Killed an orc warlord
 24415 | Orc:1    | Reached ****** piety under Vehumet
 24505 | Orc:1    | Found Hujyjuc's Magic Scroll Boutique.
 24511 | Orc:1    | Bought 3 scrolls of identify for 72 gold pieces
 24511 | Orc:1    | Bought a scroll of teleportation for 36 gold pieces
 24511 | Orc:1    | Bought a scroll of teleportation for 36 gold pieces
 24511 | Orc:1    | Bought a scroll of magic mapping for 90 gold pieces
 24601 | Orc:1    | Reached XP level 15. HP: 84/84 MP: 30/42
 24844 | Orc:2    | Entered Level 2 of the Orcish Mines
 24844 | Orc:2    | Found a staircase to the Elven Halls.
 25020 | Orc:2    | Reached skill level 22 in Spellcasting
 25277 | Orc:2    | Offered knowledge of Conjure Ball Lightning by Vehumet.
 25421 | Orc:2    | Found Qylubrop's Antique Weapon Boutique.
 25421 | Orc:2    | Found Joyrchupe's Magic Scroll Emporium.
 25422 | Orc:2    | Found Aqiakh's General Store.
 25422 | Orc:2    | Found Baujufibb's Distillery.
 25430 | Orc:2    | Bought a scroll of identify for 24 gold pieces
 25430 | Orc:2    | Bought a scroll of identify for 24 gold pieces
 25430 | Orc:2    | Bought a scroll of identify for 24 gold pieces
 25430 | Orc:2    | Bought a scroll of blinking for 90 gold pieces
 25430 | Orc:2    | Bought a scroll of teleportation for 36 gold pieces
 25434 | Orc:2    | Bought a potion of heal wounds for 70 gold pieces
 25434 | Orc:2    | Bought a potion of curing for 42 gold pieces
 25459 | Orc:2    | Found Orelitso's Vocational Training.
 25745 | Swamp:1  | Entered Level 1 of the Swamp
 25759 | Swamp:1  | Noticed Mlioglotl
 25764 | Swamp:1  | Killed Mlioglotl
 25835 | Swamp:1  | Found a frozen archway.
 25841 | IceCv    | Entered an ice cave
 26211 | IceCv    | Found an ancient bone altar of Kikubaaqudgha.
 26215 | IceCv    | Reached skill level 10 in Necromancy
 26381 | IceCv    | Noticed a lich
 26387 | IceCv    | Killed a lich
 26388 | IceCv    | Reached skill level 23 in Spellcasting
 26395 | IceCv    | Mangled by a bog body

Illustrated notes

Levels and vault maps discovered:
D:1:      co_arrival_square_in_a_square_in_a_square, layout_basic, serial_shops,
          shop
D:2:      layout_basic, serial_shops, nicolae_shop_waterfront,
          chequers_arboretum, kennysheep_generic_room_12, uniq_robin
D:3:      layout_rooms, grunt_ministairs_11, grunt_decor_cap, uniq_sigmund
D:4:      layout_basic, gammafunk_temple_overflow_claw, serial_shops,
          nicolae_shop_statue_plus, hex_intersection, uniq_natasha
D:5:      lemuel_ratsnest, layout_gridville, lemuel_coloured_pillars_altar,
          minmay_temple_entry_antechambers, serial_shops,
          nicolae_shop_statue_plus, kb_lookout_dungeons_type
D:6:      layout_loops_corners
D:7:      layout_rooms, serial_glass, glass_columns_a, glass_columns_b,
          item_on_display_a, item_on_display_a, enter_bailey_5
D:8:      minmay_slanted_spiral_squares, layout_loops_ring,
          due_lair_maze_entry_diamond, serial_aquarium, aquarium_bridge_square
          [aquarium_subvault_window, aquarium_subvault_bridge,
          aquarium_subvault_bridge, aquarium_subvault_bridge],
          aquarium_bridge_long_separate [aquarium_subvault_window,
          aquarium_subvault_bridge, aquarium_subvault_wall,
          aquarium_subvault_window, aquarium_subvault_bridge,
          aquarium_subvault_wall], aquarium_window_1, aquarium_window_fake,
          aquarium_window_fake, aquarium_view_2b, chequers_serial_rivers_small_b
D:9:      layout_roguey, mainiacjoe_overflow_big_doors, serial_shops, shop,
          uniq_erica, uniq_joseph, uniq_pikel
D:10:     layout_loops_ring, david_orc_3, muffindrake_ghost_dual_entry
D:11:     layout_long_grid, serial_shops, nicolae_shop_hallway_stairs,
          hive_lemuel, uniq_harold, uniq_snorg
D:12:     layout_basic, uniq_kirke
D:13:     layout_layer_cave, uniq_lodul, uniq_frances, uniq_urug, uniq_maurice
D:14:     layout_roguey, erik_vaults_1, elyvilon_altar_1, minmay_starry_boxes
Temple:   nicolae_temple_x_marks_the_god
Lair:1:   layout_small_grid, dreamdust_gnoll_shepherd
Lair:2:   layout_loops_ring, nicolae_swamp_entry_splash_gauntlet, st_stairs_4,
          infiniplex_staircase_pool_2, grunt_megastairs_4
Lair:3:   layout_cave_pods, dummy_snake_entry, uniq_josephine
Lair:4:   layout_layer_cave, dpeg_slime_entry_corner
Lair:5:   minmay_lair_end_enchanted_forest, layout_cave_pods,
          grunt_forest_stairs_basic, grunt_megastairs_2
Swamp:1:  layout_basic_swamp, portal_ice_cave_entry_pillars_four,
          evilmike_swamp_ruin_wall, swamp_pool1, infiniplex_staircase_pool,
          uniq_mlioglotl
Orc:1:    layout_diamond_mine, serial_shops, shop_scrolls
Orc:2:    st_orc_ogre_mass, layout_caves, nicolae_shop_vocational
IceCv:    ice_cave_small_necro

Skill      XL: |  1  2  3  4  5  6  7  8  9 10 11 12 13 14 15 |
---------------+----------------------------------------------+-----
Spellcasting   | 5 6 7 8 10 12 14 16 18 20 21 23 | 23.0
Fighting       | 1 3 5 6 |  6.5
Armour         | 1 2 3 5 6 |  6.0
Conjurations   | 2 3 4 5 7 8 9 11 12 13 14 | 14.2
Dodging        | 3 4 |  4.0
Stealth        | 3 |  3.0
Evocations     | 1 |  1.0
Fire Magic     | 2 4 5 |  5.0
Poison Magic   | 1 |  1.0
Air Magic      | 1 |  1.1
Necromancy     | 2 4 6 8 10 | 10.0
Summonings     | 2 3 4 6 7 9 |  9.1
Shields        | 1 4 5 6 |  6.0
Ice Magic      | 2 |  2.0
Translocations | |  1.1

Action                   |  1- 3 |  4- 6 |  7- 9 | 10-12 | 13-15 || total
-------------------------+-------+-------+-------+-------+-------++-------
Melee: Dagger            |    40 |       |       |       |       ||    40
       Mace              |       |    29 |   133 |       |       ||   162
       Punch             |       |       |     3 |       |       ||     3
       Staff             |       |       |     4 |    37 |     7 ||    48
 Cast: Magic Dart        |   114 |   130 |   289 |    11 |       ||   544
       Mephitic Cloud    |     2 |     5 |    27 |    34 |     6 ||    74
       Call Imp          |     2 |       |       |     1 |       ||     3
       Foxfire           |       |       |   118 |   180 |     4 ||   302
       Flame Wave        |       |       |       |    32 |     3 ||    35
       Fireball          |       |       |       |    77 |   464 ||   541
       Blink             |       |       |       |       |     2 ||     2
       Freezing Cloud    |       |       |       |       |     1 ||     1
Evoke: Wand              |       |       |       |     7 |     5 ||    12
  Use: Scroll            |       |       |       |    13 |    16 ||    29
 Stab: Confused          |     1 |     3 |    10 |     1 |       ||    15
Armor: Leather armour    |    28 |    18 |    87 |    21 |       ||   154
       Acid dragon scale |       |       |       |    21 |    10 ||    31
       Robe              |       |       |       |       |     2 ||     2
Dodge: Dodged            |    41 |    44 |   181 |    54 |    18 ||   338
Block: Buckler           |       |       |       |       |     2 ||     2

Table legend: (Time is in decaauts)
 A = Elapsed time spent in this place.
 B = Non-inter-level travel time spent in this place.
 C = Inter-level travel time spent in this place.
 D = Time resting spent in this place.
 E = Time spent auto-exploring this place.
 F = Levels seen in this place.
 G = Mean time per level.
                   A        B        C        D        E       F      G
               +--------+--------+--------+--------+--------+-----+--------+
         Total |  26494 |  24784 |   1710 |   1690 |  18941 |  25 | 1059.8 |
       Dungeon |  17928 |  16670 |   1258 |   1218 |  12666 |  14 | 1280.6 |
        Temple |    120 |    106 |     14 |      0 |     41 |   1 |  120.0 |
          Lair |   5999 |   5586 |    413 |    198 |   4747 |   5 | 1199.8 |
         Swamp |     46 |     46 |      0 |      5 |      0 |   1 |   46.0 |
  Orcish Mines |   1352 |   1328 |     24 |    138 |    992 |   2 |  676.0 |
        Bailey |    494 |    494 |      0 |      0 |    291 |   1 |  494.0 |
      Ice Cave |    553 |    553 |      0 |    131 |    204 |   1 |  553.0 |
               +--------+--------+--------+--------+--------+-----+--------+

Top non-repeatable levels by time:
     D:8: 2270 daAuts
     D:5: 2114 daAuts
  Lair:5: 1638 daAuts
     D:6: 1629 daAuts
     D:4: 1567 daAuts
     D:1: 1438 daAuts
     D:2: 1408 daAuts
  Lair:4: 1283 daAuts
    D:13: 1218 daAuts
  Lair:2: 1213 daAuts
     D:7: 1104 daAuts
     D:9: 1014 daAuts
     D:3: 989 daAuts
    D:11: 958 daAuts
  Lair:1: 947 daAuts
